 Dungeon Crawl Stone Soup version 0.25-a0-565-g8875c97ebb (webtiles) character file.

Game seed: 15886371890461278826, levelgen mode: classic

246 EnegeticOcto the Shield-Bearer (level 5, -4/50 HPs)
             Began as a Deep Dwarf Fighter on Feb 26, 2020.
             Slain by Pikel
             ... wielding a +0 whip of electrocution
              (15 damage)
             ... on level 4 of the Dungeon.
             The game lasted 00:00:25 (459 turns).

EnegeticOcto the Shield-Bearer (Deep Dwarf Fighter)  Turns: 459, Time: 00:00:26

Health: -4/50      AC:  7    Str: 20    XL:     5   Next: 84%
Magic:  3/3        EV:  8    Int:  9    God:
Gold:   58         SH:  9    Dex: 12    Spells: 4/4 levels left

rFire    . . .     SeeInvis .   a - +0 war axe
rCold    . . .     Gourm    .   c - +0 kite shield
rNeg     . . .     Faith    .   b - +0 scale mail
rPois    .         Spirit   .   (no helmet)
rElec    .         Reflect  .   (no cloak)
rCorr    .         Harm     .   (no gloves)
MR       .....                  (no boots)
Stlth    ..........             (no amulet)
HPRegen  0.00/turn              (no ring)
MPRegen  0.08/turn              (no ring)

@: non-regenerating
A: damage resistance, heal wounds, sense surroundings 1, no regeneration
a: Heal Wounds


You were on level 4 of the Dungeon.
You were not hungry.

You visited 1 branch of the dungeon, and saw 4 of its levels.

You collected 58 gold pieces.

Inventory:

Hand Weapons
 a - a +0 war axe (weapon)
Armour
 b - a +0 scale mail (worn)
 c - a +0 kite shield (worn)
Scrolls
 d - a scroll of remove curse {unknown}
 f - a scroll of magic mapping {unknown}
Potions
 h - a potion of haste {unknown}
 k - a potion of might {@q3}
Comestibles
 e - 2 rations
 g - 11 chunks of flesh


   Skills:
 * Level 4.0 Fighting
 * Level 4.0 Axes
 + Level 4.0 Armour
 + Level 2.1 Dodging
 + Level 4.0 Shields


You had 4 spell levels left.
You didn't know any spells.
Your spell library was empty.

Dungeon Overview and Level Annotations

Branches:
Dungeon (4/15)
 Temple: D:4-7

Altars:
Ashenzari

Annotations:
D:4 Pikel


Innate Abilities, Weirdness & Mutations

You are resistant to damage.
You can heal yourself by infusing magical energy.
You passively map a small area around you.
You do not regenerate.


Message History

You hit the orc priest.
The orc priest is moderately wounded.
The orc priest hits you but does no damage. x2
You closely miss the orc priest.
The orc priest is moderately wounded.
You block the orc priest's attack.
You slash the orc priest!
The orc priest is almost dead.
You block the orc priest's attack.
You hit the orc priest but do no damage.
The orc priest is almost dead.
You block the orc priest's attack. x2
You hit the orc priest.
You kill the orc priest!
Your Fighting skill increases to level 4!
Your Axes skill increases to level 4!
No target in view!
You feel much better.
Items here: )) [[ † a +0 war axe; a +0 robe; a +0 flail; a +0 scale mail; an orc corpse You butcher the orc corpse.
g - 14 chunks of flesh (gained 2)
Items here: )) [[ ÷ a +0 war axe; a +0 robe; a +0 flail; a +0 scale mail; an orc skeleton
Items here: )) [[ ÷ a +0 war axe; a +0 robe; a +0 flail; a +0 scale mail; an orc skeleton
Found a dagger.
A slave comes into view.
The slave shouts!
You hear a shout!
A slave comes into view.
There are monsters nearby!
There are monsters nearby!
There are monsters nearby!
There are monsters nearby!
A slave and a skeleton come into view.
The slave shouts!
Pikel the Slaver comes into view.
He is wielding a +0 whip of electrocution and wearing a +1 robe of positive energy.
The slave barely misses you.
You barely miss the slave. You block the slave's attack.
You slash the slave!
The slave is moderately wounded.
You hit the slave. The slave hits you but does no damage. The slave hits you.
You closely miss the slave.
The slave is moderately wounded.
You closely miss the slave. The slave hits you but does no damage.
A slave comes into view.
The slave hits you.
The slave shouts!
You hit the slave.
The slave is moderately wounded.
You barely miss Pikel.
Your shield prevents you from hitting the quokka skeleton.
You block the slave's attack.
The quokka skeleton bites you but does no damage.
You block Pikel's attack.
Some of the chunks of flesh in your inventory have rotted away.
You closely miss the slave.
The slave is moderately wounded.
You hit the quokka skeleton. You barely miss Pikel.
You block the slave's attack.
Pikel hits you with a +0 whip of electrocution.
The slave hits you but does no damage.
You hit the slave.
The slave is heavily wounded.
You barely miss Pikel. You slash the slave!
Your shield prevents you from hitting the slave.
An orc comes into view. It is wielding a +0 club.
You block the slave's attack. You block Pikel's attack. The slave hits you!
The slave hits you.
The quokka skeleton bites you but does no damage.
Your shield and scale mail prevent you from hitting the quokka skeleton.
The quokka skeleton is severely damaged.
The orc shouts!
You hit the slave but do no damage. You hit Pikel.
Your scale mail prevents you from hitting the slave.
You closely miss the slave.
Pikel hits you with a +0 whip of electrocution.
The slave hits you! The slave hits you. You block the quokka skeleton's attack.
You block the slave's attack. You block Pikel's attack.
The slave barely misses you.
You slash the quokka skeleton!
You destroy the quokka skeleton!
You hit the slave but do no damage. You hit the slave. You closely miss Pikel.
You closely miss the slave. You slash the slave! The slave barely misses you.
The slave hits you! The slave barely misses you.
Pikel hits you but does no damage. You block the slave's attack.
The slave hits you but does no damage. The slave hits you.
The slave closely misses you.
You hit the slave.
The slave is almost dead.
You hit the slave. x2; You hit Pikel. You hit the slave.
Pikel hits you with a +0 whip of electrocution!
The slave hits you.
* * * LOW HITPOINT WARNING * * *
The slave hits you.
* * * LOW HITPOINT WARNING * * *
You block the slave's attack. The slave hits you.
* * * LOW HITPOINT WARNING * * *
Pikel hits you but does no damage.
You are electrocuted!
You die...

###...........##..
#..#......##.....##.#
, *
#....#...###........#
##..* ##.###.....###..
....# #.# #.....# ##.
#..###.# #....## ##
#.....###...## ## ,
##pp....#....## #. ,
#.K@..........## ##.
#.pp.......##..###.. ,
.....o......####......
, .............##
##..... .............#
##.... ,
,,.............#
*#.... *
.............# .....
...#..........
**...... .......


You could see Pikel, 4 slaves and an orc.

Vanquished Creatures
  A water moccasin skeleton (D:4)
  A scorpion (D:4)
  An orc priest (D:4)
  3 orc wizards (D:4)
  A gnoll (D:1)
  3 orcs (D:4)
  2 giant cockroaches
  A goblin (D:1)
  5 hobgoblins
  3 jackals (D:3)
  A kobold (D:1)
  A quokka (D:2)
  A bat (D:2)
  A frilled lizard (D:1)
  A quokka skeleton (D:4)
  3 rats
29 creatures vanquished.

Notes
Turn   | Place    | Note
-------+----------+-------------------------------------------
     0 | D:1      | EnegeticOcto the Deep Dwarf Fighter began the quest for the
                  | Orb.
     0 | D:1      | Reached XP level 1. HP: 20/20 MP: 1/1
   104 | D:1      | Reached XP level 2. HP: 15/28 MP: 1/1
   240 | D:3      | Reached skill level 1 in Dodging
   240 | D:3      | Reached XP level 3. HP: 17/34 MP: 2/2
   263 | D:4      | Reached XP level 4. HP: 37/42 MP: 2/2
   279 | D:4      | Reached XP level 5. HP: 38/49 MP: 3/3
   285 | D:4      | Found a shattered altar of Ashenzari.
   344 | D:4      | Saw a vision of the Swamp and the Snake Pit.
   344 | D:4      | Noticed a water moccasin
   344 | D:4      | Noticed a water moccasin
   344 | D:4      | Noticed a naga
   344 | D:4      | Noticed a black mamba
   344 | D:4      | Noticed a naga sharpshooter
   344 | D:4      | Noticed a naga mage
   344 | D:4      | Noticed a naga
   344 | D:4      | Noticed a black mamba
   344 | D:4      | Noticed a naga
   344 | D:4      | Noticed a shock serpent
   346 | D:4      | Noticed an alligator
   447 | D:4      | Noticed a slave
   447 | D:4      | Noticed a slave
   448 | D:4      | Noticed a slave
   449 | D:4      | Noticed Pikel
   453 | D:4      | Noticed a slave
   459 | D:4      | Slain by Pikel

Levels and vault maps discovered:
D:1:      dpeg_arrival_arbitrary_c, layout_basic, serial_glass, glass_columns_a,
          glass_columns_c
D:2:      layout_basic, overflow_temple_1_default
D:3:      layout_loops_corners, uniq_grinder, uniq_natasha
D:4:      layout_layer_cave, serial_shops, shop, grunt_ashenzari_visionary
          [grunt_ashenzari_visionary_swamp, grunt_ashenzari_visionary_snake],
          uniq_pikel, uniq_menkaure, uniq_ijyb

Skill      XL: |  1  2  3  4  5 |
---------------+----------------+-----
Fighting       | 3 4 |  4.0
Dodging        | 1 2 |  2.1
Axes           | 3 4 |  4.0
Armour         | 4 |  4.0
Shields        | 4 |  4.0

Action                   |  1- 3 |  4- 6 || total
-------------------------+-------+-------++-------
Melee: War axe           |    69 |    42 ||   111
 Abil: Heal Wounds       |     2 |     2 ||     4
Armor: Scale mail        |    37 |    17 ||    54
Dodge: Dodged            |    39 |    15 ||    54
Block: Kite shield       |    59 |    33 ||    92

Table legend:
 A = Non-vault XP
 B = Vault XP
 C = Vault XP percentage of total XP
 D = Non-vault monster count
 E = Vault monster count
 F = Vault count percentage of total count
                 A         B        C        D         E       F
            +---------+---------+-------+---------+---------+-------
      Total |     352 |       0 |   0.0 |      29 |       0 |   0.0
            +---------+---------+-------+---------+---------+-------
        D:1 |      30 |       0 |   0.0 |      10 |       0 |   0.0
        D:2 |       6 |       0 |   0.0 |       4 |       0 |   0.0
        D:3 |      10 |       0 |   0.0 |       5 |       0 |   0.0
        D:4 |     306 |       0 |   0.0 |      10 |       0 |   0.0
            +---------+---------+-------+---------+---------+-------
